 Dungeon Sprint DCSS version 0.13-a0-3008-g2a6619c (webtiles) character file.

524 Gabry the Hoplite (level 5, -4/48 HPs)
             Began as a Minotaur Fighter on Sept 9, 2013.
             Was an Initiate of Okawaru.
             Slain by a centaur warrior (11 damage)
             ... in the Dungeon (Sprint I: "Red Sonja").
             The game lasted 00:01:46 (546 turns).

Gabry the Hoplite (Minotaur Fighter)                 Turns: 546, Time: 00:01:46

HP  -4/48        AC 10     Str 21      XL: 5   Next: 54%
MP   1/1         EV  6     Int  5      God: Okawaru [......]
Gold 317         SH 23     Dex 10      Spells:  0 memorised,  4 levels left

Res.Fire  : . . .   See Invis. : .   a - +0,-1 mace
Res.Cold  : . . .   Warding    : .   k - +0 orc chain mail
Life Prot.: . . .   Conserve   : .   c - +0 shield
Res.Poison: .       Res.Corr.  : .   (helmet restricted)
Res.Elec. : .       Clarity    : .   (no cloak)
Sust.Abil.: . .     Spirit.Shd : .   (no gloves)
Res.Mut.  : .       Prev.Telep.: +   (no boots)
Res.Rott. : .       Flight     : .   (no amulet)
Saprovore : . . .                    (no ring)
                                     (no ring)

@: slightly resistant to hostile enchantments, extremely unstealthy
A: retaliatory headbutt, horns 2
a: Renounce Religion


You were in the Dungeon.
You worshipped Okawaru.
Okawaru was noncommittal.
You were not hungry.

You visited 1 branch You collected 297 gold pieces.

Inventory:

Hand weapons
 a - a +0,-1 mace (weapon)
Armour
 b - a +0 scale mail
 c - a +0 shield (worn)
 k - a +0 orcish chain mail (worn)
Comestibles
 d - a bread ration
Scrolls
 j - a scroll of blinking
Potions
 e - a potion of curing
 f - 3 potions of heal wounds
 h - 2 potions of magic
 i - a potion of berserk rage


   Skills:
 + Level 7.8 Fighting
 + Level 4.5 Maces & Flails
 + Level 7.0 Armour
 + Level 4.2 Dodging
 + Level 9.0 Shields


You had 4 spell levels left.
You didn't know any spells.

Dungeon Overview and Level Annotations

Branches:
Dungeon (1/1)

Altars:
Fedhas
Okawaru


Innate Abilities, Weirdness & Mutations

You reflexively headbutt those who attack you in melee.
You have a pair of horns on your head.


Message History

The centaur warrior is lightly wounded.
You block the centaur warrior's attack.
The centaur warrior hits you but does no damage.
You block the centaur warrior's attack. The centaur warrior closely misses you.
You hit the centaur warrior.
The centaur warrior is moderately wounded.
The centaur warrior hits you but does no damage.
The centaur warrior hits you.
* * * LOW HITPOINT WARNING * * *
You block the centaur warrior's attack.
You closely miss the centaur warrior.
Your headbutt misses the centaur warrior.
The centaur warrior is moderately wounded.
The centaur warrior barely misses you. You block the centaur warrior's attack.
You block the centaur warrior's attack.
You hit the centaur warrior.
The centaur warrior is moderately wounded.
The centaur warrior hits you but does no damage.
The centaur warrior hits you!
You die...

#############
#..').#..'..#
'%.#..'..#..+
#####'#####'#
#### #
#..#...#(####§§#
#
####..##.#§§§@c#
# ##'#..§§§§c§+
# +..._#≈§§§§# #
#_.#+##+####
##+#


You could see 2 centaur warriors.

Vanquished Creatures
  An ogre (D)
  A jelly (D)
  Ijyb (D)
3 creatures vanquished.

Vanquished Creatures (others)
  Sigmund (D)
1 creature vanquished.

Grand Total: 4 creatures vanquished

Notes
Turn   | Place    | Note
--------------------------------------------------------------
     0 | D        | Gabry, the Minotaur Fighter, began the quest for the Orb.
     0 | D        | Reached XP level 1. HP: 19/19 MP: 0/0
     1 | D        | Noticed Ijyb
    41 | D        | Killed Ijyb
    41 | D        | Reached skill level 4 in Fighting
    41 | D        | Reached skill level 1 in Dodging
    41 | D        | Reached skill level 5 in Shields
    41 | D        | Reached XP level 2. HP: 19/27 MP: 0/0
   121 | D        | Noticed an ogre
   132 | D        | Killed an ogre
   132 | D        | Reached skill level 6 in Fighting
   132 | D        | Reached skill level 7 in Shields
   132 | D        | Reached XP level 3. HP: 2/34 MP: 1/1
   132 | D        | Reached XP level 4. HP: 2/41 MP: 1/1
   438 | D        | Noticed Sigmund
   495 | D        | Found an iron altar of Okawaru.
   496 | D        | Noticed a jelly
   497 | D        | Found a blossoming altar of Fedhas.
   501 | D        | Killed a jelly
   501 | D        | Reached skill level 8 in Shields
   501 | D        | Reached XP level 5. HP: 48/48 MP: 1/1
   509 | D        | Became a worshipper of Warmaster Okawaru
   510 | D        | Killed Sigmund
   510 | D        | Reached skill level 9 in Shields
   533 | D        | Noticed a centaur warrior
   534 | D        | Noticed a centaur warrior
   546 | D        | Slain by a centaur warrior

Action                   |  1- 3 |  4- 6 || total
-------------------------+-------+-------++-------
Melee: Mace              |    49 |    16 ||    65
  Use: Potion            |     1 |       ||     1
